 Dungeon Crawl Stone Soup version 0.13.0-3-g966e3ec (webtiles) character file.

11588 Impy the Basher (level 11, 0/74 HPs)
             Began as a Demonspawn Gladiator on Oct 13, 2013.
             Was a High Priest of Okawaru.
             Shot with a bolt by a yaktaur (21 damage)
             ... on Level 12 of the Dungeon.
             The game lasted 00:55:54 (13110 turns).

Impy the Basher (Demonspawn Gladiator)             Turns: 13110, Time: 00:55:54

HP   0/74        AC  8     Str 16      XL: 11   Next: 41%
MP  11/13        EV 24     Int 13      God: Okawaru [*****.]
Gold 713         SH  0     Dex 16      Spells:  0 memorised, 12 levels left

Res.Fire  : . . .   See Invis. : .   E - +5,+7 flail of Ploub {vamp, MR++}
Res.Cold  : + . .   Warding    : .   g - +2 robe {MR+}
Life Prot.: . . .   Conserve   : .   (no shield)
Res.Poison: .       Res.Corr.  : .   (helmet restricted)
Res.Elec. : .       Clarity    : .   i - +2 cloak
Sust.Abil.: . .     Spirit.Shd : .   (no gloves)
Res.Mut.  : .       Stasis     : .   l - +0 pair of boots
Res.Rott. : +       Flight     : .   (no amulet)
Saprovore : + . .                    z - +3 ring of dexterity
                                     d - ring of protection from cold

@: heroism, very resistant to hostile enchantments, quite stealthy
A: antennae 2, talons 1, demonic guardian 1, fast metabolism 1, foul stench 2,
saprovore 1, spit poison 1
a: Spit Poison, Heroism, Finesse, Renounce Religion


You were on level 12 of the Dungeon.
You worshipped Okawaru.
Okawaru was extremely pleased with you.
You were not hungry.

You visited 2 branches of the dungeon, and saw 13 of its levels.

You collected 748 gold pieces.
You spent 55 gold pieces at shops.

Inventory:

Hand weapons
 a - a +0,+0 hand axe {=f}
 h - a +2,+2 whip of draining
 o - a +2,+1 falchion of holy wrath
 q - a +0,+3 dwarven crossbow of flame
 E - the +5,+7 flail of Ploub (weapon) {vamp, MR++}
   (You found it on level 7 of the Dungeon)

   It inflicts no extra harm, but heals its wielder somewhat when it strikes a
   living foe.
   It affects your resistance to hostile enchantments.
Missiles
 x - 4 javelins (quivered)
Armour
 b - a +1 leather armour
 g - a +2 robe of magic resistance (worn)
 i - a +2 cloak (worn)
 l - a +0 pair of boots (worn)
 K - a +0 troll hide
Magical devices
 B - a wand of draining (2)
 D - a wand of magic darts (10)
 F - a wand of enslavement (8)
 L - a wand of paralysis (7)
Comestibles
 f - 9 bread rations
 m - 2 pears
 n - 3 meat rations
 p - 3 chokos
 w - an apple
Scrolls
 j - 5 scrolls of teleportation
 s - 2 scrolls of recharging {unknown}
 t - 4 scrolls of identify
 u - a scroll of blinking
 y - 7 scrolls of remove curse
 M - a scroll of curse weapon
Jewellery
 d - a ring of protection from cold (left hand)
 r - a cursed -3 ring of dexterity
 v - an uncursed ring of ice
 z - a +3 ring of dexterity (right hand)
 A - an uncursed ring of protection from magic
Potions
 c - 2 potions of restore abilities
 e - 3 potions of brilliance
 k - 7 potions of curing
 G - a potion of might
Books
 C - a book of the Tempests

   Spells                             Type                      Level
   Static Discharge                   Conjuration/Air              3
   Lightning Bolt                     Conjuration/Air              5
   Fireball                           Conjuration/Fire             5
   Tornado                            Air                          9
   Shatter                            Earth                        9
 I - a book of Summonings

   Spells                             Type                      Level
   Abjuration                         Summoning                    3
   Recall                             Summoning/Translocation      3
   Summon Elemental                   Summoning                    4
   Shadow Creatures                   Summoning                    5
   Summon Demon                       Summoning                    5
   Summon Ugly Thing                  Summoning                    6
 J - a Young Poisoner's Handbook

   Spells                             Type                      Level
   Sting                              Conjuration/Poison           1
   Cure Poison                        Poison                       2
   Mephitic Cloud                     Conjuration/Poison/Air       3
   Olgreb's Toxic Radiance            Poison                       4
   Venom Bolt                         Conjuration/Poison           5


   Skills:
 - Level 2.0(7.0) Fighting
 - Level 2.9(7.9) Axes
 + Level 11.8(16.8) Maces & Flails
 - Level 1.7(6.7) Throwing
 - Level 11.7(16.7) Dodging
 + Level 1.0 Spellcasting


You had 12 spell levels left.
You didn't know any spells.

Dungeon Overview and Level Annotations

Branches:
Dungeon (12/27)            Temple (1/1) D:5             Orc (0/4) D:11
   Lair: D:8-13

Altars:
Ashenzari
Cheibriados
Elyvilon
Kikubaaqudgha
Nemelex Xobeh
Okawaru
Sif Muna
Trog
Xom
Yredelemnul
Zin
the Shining One

Shops:
D:4 ?

Annotations:
D:7 2 exclusions
D:12 Stormphoenix's ghost, powerful DsBe


Innate Abilities, Weirdness & Mutations

You have a pair of antennae on your head.
A weak demonic guardian rushes to your aid.
You radiate miasma, and are resistant to rotting and decay.
You can tolerate rotten meat.
You have sharp toenails.
You have a fast metabolism.
You can spit poison.


Message History

You hit the orc.
You feel better.
The orc is lightly wounded.
You sock the orc!
You kill the orc!
x - 3 javelins (gained 2)
Things that are here:
an orcish short sword; an orc corpse
x - 4 javelins (gained 1)
The yaktaur shouts!
The yaktaur unwields an uncursed glowing glaive.
The yaktaur wields a crossbow.
The yaktaur shoots a bolt.
The bolt misses you.
You see here a bolt.
The yaktaur shoots a bolt.
The bolt hits you!
You see here a bolt.
Use which ability? (? or * to list)
You gain the combat prowess of a mighty hero.
You feel slightly more hungry.
The yaktaur shoots a bolt.
The bolt hits you!
* * * LOW HITPOINT WARNING * * *
The yaktaur shoots a bolt.
The bolt hits you!
You die...

## .. #. #. .#. ##.#
..#.# #############
...##.#.#####............
#...(>((@(((.............
#...c.#######............
.<..... #............
.###.#.# #............
##.##.#...(.#
#............
.......8{8..#
#............
##....##{##.#
#............
#....#{{{#(#
#............
#....#[{Z#.#{
#............


You could see a yaktaur.

Vanquished Creatures
  Erica (D:12)
  A centaur warrior (D:11)
  An unseen horror (D:12)
  A hill giant (D:11)
  A cyclops (D:11)
  Grinder (D:5)
  A spriggan (D:12)
  2 trolls
  A hydra skeleton (D:12)
  4 yaks (D:10)
  A necrophage (D:9)
  A manticore (D:12)
  4 orc warriors
  2 ice beasts
  A blink frog zombie (D:9)
  3 hippogriffs
  4 phantoms
  6 centaurs
  4 ogres
  Duvessa (D:7)
  The ghost of yokelz the Stinger, an average OpVM (D:4)
  4 big kobolds
  8 giant frogs
  A cyclops zombie (D:12)
  Blork the orc (D:9)
  A water moccasin (D:7)
  A manticore zombie (D:7)
  5 killer bees (D:12)
  A yak zombie (D:8)
  12 wights
  A hippogriff skeleton (D:11)
  2 troll skeletons
  Dowan (D:7)
  10 crimson imps
  2 giant frog zombies
  5 goliath beetles
  A quasit (D:8)
  A basilisk skeleton (D:10)
  6 scorpions
  A giant frog skeleton (D:10)
  2 iguanas
  2 jellies
  4 orc priests
  13 worker ants
  A killer bee zombie (D:6)
  An ogre zombie (D:5)
  An ogre skeleton (D:5)
  4 hounds
  A worker ant zombie (D:5)
  10 orc wizards
  2 gnolls (D:3)
  15 adders
  4 giant mites
  A goliath beetle zombie (D:6)
  3 worms
  An iguana zombie (D:7)
  An adder skeleton (D:4)
  7 giant geckos
  49 orcs
  12 bats
  13 goblins
  20 hobgoblins
  30 kobolds
  An ooze (D:1)
  4 quokkas
  10 giant cockroaches
  3 giant eyeballs
  A giant gecko skeleton (D:6)
  A giant mite zombie (D:7)
  7 giant newts
  2 giant spores
  A gnoll skeleton (D:6)
  A hobgoblin skeleton (D:6)
  12 jackals
  A kobold skeleton (D:7)
  An orc zombie (D:5)
  15 rats
  4 ballistomycetes
  A plant (D:4)
368 creatures vanquished.

Vanquished Creatures (collateral kills)
  An iguana (D:8)
  An adder (D:4)
  2 gnolls (D:3)
  A jackal (D:5)
  A bat (D:8)
6 creatures vanquished.

Vanquished Creatures (others)
  A crimson imp (D:5)
  A lemure (D:4)
  An ufetubus (D:5)
  An orc (D:11)
  A giant spore (D:11)
  2 plants (D:7)
7 creatures vanquished.

Grand Total: 381 creatures vanquished

Notes
Turn   | Place    | Note
--------------------------------------------------------------
     0 | D:1      | Impy, the Demonspawn Gladiator, began the quest for the Orb.
     0 | D:1      | Reached XP level 1. HP: 17/17 MP: 0/0
   512 | D:1      | Gained mutation: A weak demonic guardian rushes to your aid. [demonic ancestry]
   512 | D:1      | Reached XP level 2. HP: 13/23 MP: 1/1
   720 | D:1      | Reached skill level 1 in Maces & Flails
   743 | D:1      | Reached skill level 3 in Dodging
  1183 | D:1      | Gained mutation: You can tolerate rotten meat. [demonic ancestry]
  1183 | D:1      | Reached XP level 3. HP: 13/28 MP: 2/2
  1895 | D:2      | Found a basalt altar of Yredelemnul.
  1895 | D:2      | Found a deep blue altar of Sif Muna.
  2091 | D:2      | Gained mutation: You emit a foul stench, and are resistant to rotting and decay. [demonic ancestry]
  2091 | D:2      | Reached XP level 4. HP: 35/35 MP: 3/3
  3088 | D:3      | Gained mutation: You have a pair of small antennae on your head. [demonic ancestry]
  3088 | D:3      | Reached XP level 5. HP: 21/40 MP: 4/4
  3095 | D:3      | Reached skill level 4 in Dodging
  3556 | D:3      | HP: 2/40 [poisoned by an adder]
  3994 | D:4      | Paralysed by a giant eyeball for 2 turns
  4468 | D:4      | Noticed yokelz's ghost (average OpVM)
  4591 | D:4      | Noticed an ogre
  4600 | D:4      | Killed an ogre
  4600 | D:4      | Reached XP level 6. HP: 46/46 MP: 5/5
  4689 | D:4      | Killed yokelz's ghost
  4846 | D:4      | Reached skill level 5 in Dodging
  4996 | D:4      | Found Thaer's Magic Scroll Emporium.
  5012 | D:4      | Bought a scroll of blinking for 55 gold pieces
  5034 | D:5      | Entered Level 5 of the Dungeon
  5038 | D:5      | Noticed Grinder
  5059 | D:5      | Paralysed by a giant eyeball for 2 turns
  5085 | D:5      | Killed Grinder
  5085 | D:5      | Reached skill level 5 in Maces & Flails
  5085 | D:5      | Gained mutation: You radiate miasma, and are resistant to rotting and decay. [demonic ancestry]
  5085 | D:5      | Reached XP level 7. HP: 49/51 MP: 6/6
  5472 | D:5      | Reached skill level 6 in Dodging
  5783 | D:5      | Reached XP level 8. HP: 28/58 MP: 7/7
  5906 | D:5      | Found a staircase to the Ecumenical Temple.
  5923 | Temple   | Entered the Ecumenical Temple
  5935 | Temple   | Became a worshipper of Warmaster Okawaru
  6486 | D:6      | Gained mutation: You can spit poison. [potion of beneficial mutation]
  6590 | D:6      | Gained mutation: You have a fast metabolism. [potion of mutation]
  6590 | D:6      | Gained mutation: You have sharp toenails. [potion of mutation]
  6798 | D:6      | Reached skill level 7 in Dodging
  7202 | D:7      | Got a faintly glowing flail
  7203 | D:7      | Identified the +5,+7 flail of Ploub {vamp, MR++} (You found it on level 7 of the Dungeon)
  7253 | D:7      | Noticed Duvessa
  7253 | D:7      | Noticed Dowan
  7276 | D:7      | Acquired Okawaru's first power
  7716 | D:7      | Killed Duvessa
  7727 | D:7      | Killed Dowan
  7761 | D:7      | Gained mutation: You have a pair of antennae on your head. [demonic ancestry]
  7761 | D:7      | Reached XP level 9. HP: 57/63 MP: 8/8
  7790 | D:7      | Reached skill level 8 in Maces & Flails
  7864 | D:8      | Was placed under penance by Okawaru
  8523 | D:8      | Was forgiven by Okawaru
  8633 | D:8      | Reached skill level 9 in Maces & Flails
  9175 | D:9      | Noticed Blork the orc
  9182 | D:9      | Killed Blork the orc
  9283 | D:9      | Found a glowing silver altar of Zin.
  9626 | D:9      | Reached XP level 10. HP: 69/69 MP: 9/9
  9632 | D:9      | Paralysed by a giant eyeball for 2 turns
  9886 | D:10     | Entered Level 10 of the Dungeon
 10299 | D:10     | Reached skill level 10 in Dodging
 10362 | D:10     | Reached skill level 10 in Maces & Flails
 10663 | D:11     | Noticed a hill giant
 10689 | D:11     | Killed a hill giant
 10824 | D:11     | Found a staircase to the Orcish Mines.
 10941 | D:11     | Noticed a centaur warrior
 11044 | D:11     | Killed a centaur warrior
 11183 | D:11     | Reached skill level 11 in Maces & Flails
 11305 | D:11     | Noticed a cyclops
 11320 | D:11     | Killed a cyclops
 11343 | D:11     | Paralysed by a potion of paralysis for 4 turns
 11363 | D:11     | Found a white marble altar of Elyvilon.
 11577 | D:11     | Reached XP level 11. HP: 33/74 MP: 10/10
 11847 | D:12     | Killed an unseen horror
 12337 | D:12     | Noticed Erica
 12346 | D:12     | HP: 1/74 [it/orb of energy (29)]
 12351 | D:12     | Killed Erica
 12351 | D:12     | Acquired Okawaru's second power
 12695 | D:12     | Noticed a seven-headed hydra
 12695 | D:12     | Noticed a stone giant
 12697 | D:12     | Noticed Stormphoenix's ghost (powerful DsBe)
 13087 | D:12     | Reached skill level 1 in Spellcasting
 13110 | D:12     | Shot with a bolt by a yaktaur

Action                   |  1- 3 |  4- 6 |  7- 9 | 10-12 || total
-------------------------+-------+-------+-------+-------++-------
Melee: Hand axe          |    24 |       |       |       ||    24
       Whip              |   123 |   229 |   270 |       ||   622
       Flail             |       |       |   255 |   421 ||   676
Throw: Throwing net      |     1 |     6 |     2 |       ||     9
       Javelin           |       |    25 |    33 |     8 ||    66
Invok: Heroism           |       |       |       |     6 ||     6
 Abil: Spit Poison       |       |       |     3 |       ||     3
Evoke: Wand              |       |       |     3 |     2 ||     5
  Use: Scroll            |     3 |     8 |     9 |     8 ||    28
       Potion            |       |     9 |     5 |     5 ||    19
 Stab: Held in net/web   |     1 |     2 |     1 |       ||     4
       Sleeping          |       |     1 |     4 |       ||     5
       Distracted        |       |     1 |       |       ||     1
       Paralysed         |       |       |       |     2 ||     2
